 Dungeon Crawl Stone Soup version 0.32-a0-975-g85d4e5bfdb (webtiles) character file.

Game seed: 17370459087567412449

63 Maxmaps the Trooper (level 4, -2/45 HPs)
             Began as an Oni Shapeshifter on Apr 18, 2024.
             Slain by a gnoll
             ... wielding a +0 spear
              (6 damage)
             ... on level 2 of the Dungeon.
             The game lasted 00:01:17 (1126 turns).

Maxmaps the Trooper (Oni Shapeshifter)              Turns: 1126, Time: 00:01:18

Health: -2/45      AC:  3    Str: 18    XL:     4   Next: 10%
Magic:  4/4        EV:  8    Int: 13    God:
Gold:   87         SH:  0    Dex:  8    Spells: 3/3 levels left

rFire   . . .        f - +0 club
rCold   . . .        (no shield)
rNeg    + . .        a - +0 animal skin
rPois   .            (helmet currently unavailable)
rElec   .            (cloak currently unavailable)
rCorr   .            (gloves unavailable)
SInv    .            (boots unavailable)
Will    .....        (no amulet)
Stlth   +            i - ring of positive energy
HPRegen 0.27/turn    (no ring)
MPRegen 0.09/turn

%: no passive effects
@: beast-form, hasted, very quick
A: beast (slay +1), large, unfitting armour, horns 1, tough skin 1, double
potion healing, drunken brawling
a: Begin Untransformation


You were on level 2 of the Dungeon.
You were a hulking beast.
You visited 1 branch of the dungeon, and saw 2 of its levels.

You collected 87 gold pieces.

Inventory:

Hand Weapons
 f - a +0 club (weapon)
Armour
 a - a +0 animal skin (worn)
Jewellery
 i - a ring of positive energy (left hand)
 n - a +4 ring of protection
Talismans
 c - a beast talisman (active)
 d - a flux talisman
Scrolls
 h - a scroll of immolation {unknown}
 j - a scroll of teleportation {unknown}
 k - a scroll of enchant weapon {unknown}
 l - a scroll of brand weapon {unknown}
 m - a scroll of revelation {unknown}
Potions
 g - a potion of haste


   Skills:
 - Level 3.3 Fighting
 + Level 2.6 Maces & Flails
 - Level 1.7 Dodging
 - Level 2.6 Unarmed Combat
 - Level 3.0 Shapeshifting


You had 3 spell levels left.
You didn't know any spells.
Your spell library was empty.

Dungeon Overview and Level Annotations

Branches:
Dungeon (2/15)

Altars:


Innate Abilities, Weirdness & Mutations

You are a hulking beast.
Your limbs bulge with bestial killing power. (Slay +1)
You are too large for most types of armour.
You have a pair of small horns on your head.
You have tough skin. (AC +1)
You gain doubled healing and magic from potions.
Whenever you drink a healing potion, you attack all around you.


Message History

You cannot move.
You cannot move.
You cannot move.
Sorry, you're not good enough to have a special ability.
You cannot move.
You cannot move.
The gnoll hits you but does no damage.
You cannot move.
You cannot move.
You cannot move.
You cannot move.
You cannot move.
You cannot move.
You cannot move.
You cannot move.
The gnoll hits you but does no damage. The gnoll hits you but does no damage.
The gnoll hits you from afar with a +0 spear.
The gnoll hits you but does no damage. The gnoll hits you but does no damage.
The gnoll hits you but does no damage.
The gnoll hits you from afar with a +0 spear.
The gnoll hits you but does no damage.
You feel less wooden.
Your +0 animal skin unmelds from your body.
You turn into a hulking beast.
The gnoll hits you from afar with a +0 spear!
* * * LOW HITPOINT WARNING * * *
The gnoll barely misses you.
Unknown command.
Unknown command.
Items here: ))) ††.
You hit the gnoll.
The gnoll is lightly wounded.
The gnoll hits you with a +0 spear!
* * * LOW HITPOINT WARNING * * *
You hit the gnoll.
The gnoll is lightly wounded.
The gnoll hits you with a +0 spear.
You die...

#...#.##(.....### ####
#...............########
..........................
.##.......###...####.#####
+........# #...####...###
#####....# #.............
#....# ##.....#.#####
####g####.....#.# #
#h#.##.....#.# #
#.#.##############
#.#...............
#.#.##############
..####.#.# #........# ###
#.######.# #<# #.# #.#
.######.########.#


You could see a gnoll.

Vanquished Creatures
  3 gnolls (D:2)
  A dart slug (D:1)
  4 ball pythons
  2 bats (D:1)
  An endoplasm (D:1)
  4 giant cockroaches (D:1)
  4 goblins
  4 hobgoblins (D:1)
  A kobold (D:1)
  2 quokkas (D:1)
  3 frilled lizards (D:1)
  A rat (D:2)
30 creatures vanquished.

Notes
Turn   | Place    | Note
-------+----------+-------------------------------------------
     0 | D:1      | Maxmaps the Oni Shapeshifter began the quest for the Orb.
     0 | D:1      | Reached XP level 1. HP: 19/19 MP: 1/1
    88 | D:1      | Found a faded altar of an unknown god.
   119 | D:1      | Reached XP level 2. HP: 29/29 MP: 2/2
   394 | D:1      | Reached skill level 1 in Maces & Flails
   433 | D:1      | Reached XP level 3. HP: 34/37 MP: 3/3
  1100 | D:2      | Reached XP level 4. HP: 8/45 MP: 4/4
  1126 | D:2      | Slain by a gnoll

Illustrated notes

Levels and vault maps discovered:
D:1:      dpeg_arrival_boxes_within_box, layout_basic,
          ebering_ecumenical_altar_hall
D:2:      layout_basic, basic_altar

Skill      XL: |  1  2  3 |
---------------+----------+-----
Fighting       | 2 3 |  3.3
Maces & Flails | 1 2 |  2.6
Dodging        | |  1.7
Unarmed Combat | |  2.6
Shapeshifting  | |  3.0

Action                     |  1- 3 |  4- 6 || total
---------------------------+-------+-------++-------
  Melee: Unarmed           |    14 |       ||    14
         Headbutt          |    12 |       ||    12
         Club              |    76 |     4 ||    80
    Use: Potion            |     1 |     2 ||     3
 Armour: Animal skin       |    49 |     3 ||    52
         Skin              |    19 |    15 ||    34
  Dodge: Dodged            |    30 |     2 ||    32

Table legend: (Time is in decaauts)
 A = Elapsed time spent in this place.
 B = Non-inter-level travel time spent in this place.
 C = Inter-level travel time spent in this place.
 D = Time resting spent in this place.
 E = Time spent auto-exploring this place.
 F = Levels seen in this place.
 G = Mean time per level.
                   A        B        C        D        E       F      G
               +--------+--------+--------+--------+--------+-----+--------+
         Total |   1136 |   1112 |     24 |      0 |    864 |   2 |  568.0 |
       Dungeon |   1136 |   1112 |     24 |      0 |    864 |   2 |  568.0 |
               +--------+--------+--------+--------+--------+-----+--------+

Top non-repeatable levels by time:
     D:1: 948 daAuts
     D:2: 188 daAuts
